 Dungeon Crawl Stone Soup version 0.19-a0-1071-g4ed3155 (webtiles) character file.

5735 4thArraOfDagon the Grappler (level 10, -2/83 HPs)
             Began as a Troll Arcane Marksman on Aug 5, 2016.
             Was a Follower of Ru.
             Slain by a troll (12 damage)
             ... on level 11 of the Dungeon.
             The game lasted 00:15:31 (3362 turns).

4thArraOfDagon the Grappler (Troll Arcane Marksman) Turns: 3362, Time: 00:15:31

Health: -2/83      AC:  5    Str: 17    XL:     10   Next: 48%
Magic:  10/10      EV: 10    Int: 12    God:    Ru [*.....]
Gold:   228        SH:  0    Dex:  9    Spells: 1 memorised, 10 levels left

rFire  . . .     SeeInvis .       - Unarmed
rCold  + + +     Gourm    +     a - +0 robe
rNeg   . . .     Faith    .     (no shield)
rPois  .         Spirit   .     (helmet restricted)
rElec  .         Dismiss  .     (no cloak)
rCorr  .         Reflect  .     (gloves unavailable)
SustAt .         Harm     .     (boots unavailable)
MR     .....                    (no amulet)
Stlth  +.........               r - ring of protection from cold
                                i - ring of protection from cold

@:
A: unfitting armour, claws 3, fangs 1, horns 1, blurry vision 1, cold resistance
1, fast metabolism 3, gourmand, regeneration 2, shaggy fur 1, tough skin 2, weak
2, magic vulnerability 1
a: Renounce Religion


You were on level 11 of the Dungeon.
You worshipped Ru.
Ru was aware of your devotion.
You were completely stuffed.

You visited 1 branch of the dungeon, and saw 10 of its levels.

You collected 228 gold pieces.

Inventory:

Hand Weapons
 A - a +0 giant spiked club
Missiles
 c - 4 large rocks (quivered)
 n - 6 javelins
 z - 2 stones
Armour
 a - a +0 robe (worn)
Jewellery
 i - a ring of protection from cold (left claw)
 r - a ring of protection from cold (right claw)
 x - a +3 ring of intelligence {unknown}
Wands
 l - a wand of lightning (0/15)
Scrolls
 e - 2 scrolls of enchant weapon
 j - 3 scrolls of teleportation
 k - a scroll of blinking
 q - a scroll of amnesia {unknown}
 t - a scroll of recharging {unknown}
 u - a scroll of enchant armour {unknown}
 y - a scroll of noise {unknown}
Potions
 h - a potion of cancellation {unknown}
 m - a potion of resistance
 o - a potion of curing
 p - a potion of haste
 s - 2 potions of beneficial mutation
 v - a potion of heal wounds {unknown}
 w - 3 potions of brilliance
Books
 b - a book of Debilitation

   Spells                             Type                      Level
   a - Corona                         Hexes                        1
   b - Slow                           Hexes                        2
   c - Gell's Gravitas                Hexes/Translocation          3
   d - Inner Flame                    Hexes/Fire                   3
   e - Cause Fear                     Hexes                        4
   f - Leda's Liquefaction            Hexes/Earth                  4
Comestibles
 f - 4 bread rations
 g - 4 meat rations


   Skills:
 - Level 0.7 Fighting
 - Level 1.7 Throwing
 - Level 1.5 Dodging
 * Level 14.9 Unarmed Combat
 - Level 1.0 Spellcasting
 - Level 2.0 Hexes


You had 10 spell levels left.
You knew the following spells:

 Your Spells              Type           Power        Failure   Level  Hunger
a - Corona                Hex            #......      14%         1    ##.....


Dungeon Overview and Level Annotations

Branches:
Dungeon (11/15)            Temple (0/1) D:7
   Lair: D:8-11         Orc: D:9-12

Altars:
Dithmenos
Ru
Sif Muna
The Shining One

Shops:
D:7 (

Annotations:
D:4 Pikel


Innate Abilities, Weirdness & Mutations

You are too large for most types of armour.
You have claws for hands.
Your metabolism is lightning-fast.
You like to eat raw meat.
You heal very quickly.
You are covered in fur. (AC +1)
You have very tough skin. (AC +2)
You are slightly vulnerable to magic. (MR-)
You have very sharp teeth.
You have a pair of small horns on your head.
Scrolls take you a little longer to read.
Your flesh is cold resistant. (rC+)
You are very weak. (Str -4)


Message History

Unknown command.
Unknown command.
You see here a flail.
Items here: )) [ † a spear of venom; a ring mail; a club; a gnoll corpse A gnoll comes into view.
It is wielding a spear.
You see here a giant club.
The gnoll shouts!
You see here a stone.
Unknown command.
Okay, then.
Unknown command.
Really read with blurry vision while enemies are nearby?
The troll bites you. The troll closely misses you. The troll claws you.
* * * LOW HITPOINT WARNING * * *
You begin reading the scroll.
You continue reading the scroll.
The troll bites you!
* * * LOW HITPOINT WARNING * * *
The troll claws you!
You die...

#.# #g# #)#
#g# ###.#
#.g(# #g###
#T#
######@####
........†..#
#######.##.#
...##.#
############.#
#............#
#.############
#.# #[#


You could see a troll, a gnoll sergeant and a gnoll.

Vanquished Creatures
  A centaur warrior (D:11)
  3 hill giants
  The ghost of Kenran the Cleaver, a novice DDFi (D:5)
  The ghost of 4thArraOfDagon the Ruffian, an amateur TrAM of Cheibriados (D:3)
  Menkaure (D:4)
  Edmund (D:4)
  An orc warrior (D:7)
  3 sky beasts
  A necrophage (D:11)
  An ice beast (D:4)
  2 ogres (D:11)
  5 centaurs
  A big kobold (D:11)
  Blork the orc (D:4)
  2 giant frogs
  A gnoll sergeant (D:11)
  A scorpion (D:10)
  9 killer bees (D:11)
  5 wights (D:6)
  3 howler monkeys
  3 hounds
  A jelly (D:6)
  An orc priest (D:11)
  3 giant frog skeletons
  6 orc wizards
  An iguana (D:7)
  2 worker ants
  A hound skeleton (D:5)
  Robin (D:3)
  A gnoll (D:11)
  10 adders
  An ooze (D:2)
  An adder zombie (D:6)
  A worm (D:3)
  2 dart slugs
  4 giant geckos
  21 orcs
  A ball python (D:1)
  2 bats (D:1)
  4 giant cockroaches
  7 goblins
  5 hobgoblins
  10 jackals
  5 kobolds
  2 quokkas
  2 giant gecko skeletons (D:4)
  2 giant newts
  A quokka zombie (D:5)
  2 rats (D:2)
147 creatures vanquished.

Notes
Turn   | Place    | Note
-------+----------+-------------------------------------------
     0 | D:1      | 4thArraOfDagon the Troll Arcane Marksman began the quest for the Orb.
     0 | D:1      | Reached XP level 1. HP: 18/18 MP: 1/1
    69 | D:1      | Reached skill level 1 in Unarmed Combat
    96 | D:1      | Reached XP level 2. HP: 26/26 MP: 2/2
   128 | D:2      | Reached skill level 2 in Unarmed Combat
   214 | D:3      | piety farm
   214 | D:3      | wasted
   262 | D:3      | Gained mutation: Your flesh is cold resistant. (rC+) [potion of mutation]
   262 | D:3      | Gained mutation: You have very sharp teeth. [potion of mutation]
   262 | D:3      | Gained mutation: Scrolls take you a little longer to read. [potion of mutation]
   375 | D:4      | Noticed Menkaure
   394 | D:4      | Killed Menkaure
   394 | D:4      | Reached skill level 4 in Unarmed Combat
   394 | D:4      | Reached XP level 3. HP: 26/32 MP: 3/3
   394 | D:4      | Reached XP level 4. HP: 33/40 MP: 4/4
   394 | D:4      | Reached XP level 5. HP: 38/46 MP: 5/5
   405 | D:4      | Reached skill level 5 in Unarmed Combat
   438 | D:4      | Noticed an ice beast
   452 | D:4      | Killed an ice beast
   473 | D:4      | Reached XP level 6. HP: 53/54 MP: 6/6
   569 | D:4      | Noticed Blork the orc
   576 | D:4      | Killed Blork the orc
   576 | D:4      | Reached skill level 6 in Unarmed Combat
   601 | D:3      | Noticed 4thArraOfDagon's ghost (amateur TrAM)
   607 | D:4      | Noticed a slave
   608 | D:4      | Noticed Pikel
   625 | D:4      | Noticed a slave
   627 | D:4      | Noticed a slave
   689 | D:5      | Entered Level 5 of the Dungeon
   713 | D:5      | Noticed Kenran's ghost (novice DDFi)
   714 | D:5      | Noticed a sky beast
   753 | D:5      | Killed a sky beast
   886 | D:5      | Killed Kenran's ghost
   886 | D:5      | Reached skill level 8 in Unarmed Combat
   886 | D:5      | Reached XP level 7. HP: 31/61 MP: 7/7
   947 | D:5      | Gained mutation: You are weak. (Str -2) [mutagenic meat]
   950 | D:5      | Gained mutation: You have a pair of small horns on your head. [mutagenic meat]
   953 | D:5      | Gained mutation: You are very weak. (Str -4) [mutagenic meat]
   990 | D:5      | Found a shadowy altar of Dithmenos.
   991 | D:5      | Found a deep blue altar of Sif Muna.
  1077 | D:5      | Reached skill level 9 in Unarmed Combat
  1159 | D:6      | Reached XP level 8. HP: 59/68 MP: 8/8
  1248 | D:7      | Found a sacrificial altar of Ru.
  1249 | D:7      | Found a glowing golden altar of the Shining One.
  1250 | D:7      | heh
  1253 | D:7      | Became a worshipper of Ru the Awakened
  1322 | D:7      | Found Qedgh's Antique Weapon Shop.
  1490 | D:5      | Reached skill level 10 in Unarmed Combat
  1529 | D:4      | Noticed Edmund
  1575 | D:4      | Killed Edmund
  1603 | D:3      | Noticed Robin
  1612 | D:3      | Killed Robin
  1949 | D:3      | Killed 4thArraOfDagon's ghost
  1949 | D:3      | Reached skill level 11 in Unarmed Combat
  1985 | D:3      | Gained mutation: You are slightly vulnerable to magic. (MR-) [Ru sacrifice]
  1985 | D:3      | Reached * piety under Ru
  2279 | D:6      | 4thArraOfDagon: laggg
  2338 | D:7      | Reached XP level 9. HP: 75/75 MP: 9/9
  2367 | D:7      | Found a staircase to the Ecumenical Temple.
  2604 | D:8      | You fall through a shaft for 3 floors!
  2612 | D:11     | Noticed a centaur warrior
  2625 | D:11     | Killed a centaur warrior
  2625 | D:11     | Reached skill level 12 in Unarmed Combat
  2638 | D:11     | Reached skill level 13 in Unarmed Combat
  2714 | D:10     | Entered Level 10 of the Dungeon
  2891 | D:10     | Noticed a hill giant
  2899 | D:10     | Killed a hill giant
  2899 | D:10     | Reached XP level 10. HP: 53/83 MP: 10/10
  2968 | D:11     | Noticed a hill giant
  2969 | D:11     | Reached skill level 14 in Unarmed Combat
  2986 | D:11     | HP: 3/83 [hill giant/giant club (18)]
  2987 | D:11     | Killed a hill giant
  3174 | D:11     | Noticed an eye of devastation
  3174 | D:11     | a hippogriff changed into an eye of devastation
  3217 | D:11     | Gruud: Any specific reason why you're not using the ben mut x2?
  3247 | D:11     | Noticed a hill giant
  3254 | D:11     | Killed a hill giant
  3362 | D:11     | Slain by a troll

Vault maps used:
D:1:      kennysheep_arrival_seaside
D:2:      amethyst_overflow_temple_binary, uniq_crazy_yiuf_cottage
D:3:      minmay_door_path, uniq_robin
D:4:      first_bread, uniq_edmund, uniq_blork_the_orc, uniq_pikel,
          uniq_menkaure
D:5:      overflow_temple_1_default, grunt_decor_cap,
          nicolae_dithmenos_through_a_glass_darkly
D:6:      grunt_temple_overflow_gold_and_silver, trog_book
D:7:      gammafunk_temple_overflow_statue, serial_shops,
          nicolae_shop_temple_entry_statues_fountains
D:8:      erik_lair_orcish_takeover, uniq_prince_ribbit1
D:10:     basic_altar, kennysheep_path_1, uniq_nergalle
D:11:     kennysheep_orc_monster_closet_entryway

Skill      XL: |  1  2  3  4  5  6  7  8  9 10 |
---------------+-------------------------------+-----
Unarmed Combat | 1 4 5 8 9 11 13 14 | 14.9
Fighting       | |  0.7
Throwing       | |  1.7
Dodging        | |  1.5
Spellcasting   | |  1.0
Hexes          | |  2.0

Action                   |  1- 3 |  4- 6 |  7- 9 | 10-12 || total
-------------------------+-------+-------+-------+-------++-------
Melee: Unarmed           |    73 |    48 |   271 |    72 ||   464
       Bite              |     3 |     6 |    10 |     6 ||    25
       Punch             |       |     2 |    11 |       ||    13
       Headbutt          |       |       |    27 |     6 ||    33
Throw: Large rock        |     2 |     2 |     4 |     6 ||    14
       Throwing net      |     2 |       |     1 |     1 ||     4
       Javelin           |       |       |     6 |       ||     6
Invok: Sacrifice Essence |       |       |     1 |       ||     1
Evoke: Wand              |       |       |       |     2 ||     2
  Use: Potion            |     2 |     1 |     1 |       ||     4
       Scroll            |       |     3 |     2 |     4 ||     9
 Stab: Held in net/web   |       |       |     1 |       ||     1
  Eat: Meat ration       |       |     1 |       |       ||     1
       Chunk             |       |       |    30 |     6 ||    36
Armor: Robe              |    24 |     7 |    53 |    10 ||    94
       Skin              |       |     4 |    34 |       ||    38
Dodge: Dodged            |    54 |    14 |   104 |    42 ||   214
